AoeStats
← fatelai1017

Arabia

510109441Analyzed
1v1 RM · 24h ago on Sep 29, 2026· 37m 20s· 2 players
Game mode
Random Map
Map size
Tiny (2 player)
Population
200
Speed
Normal
Resources
Standard
Victory
Conquest
Starting age
Dark Age
Ending age
Imperial Age
RankedLock teamsTeams togetherTeam positionsShared explorationLock speedFull tech treeHidden civsTurbo modeCheats
Victory
Defeat
🇹🇼 Varangians · Taiwan
1237
+15
🇱🇺 Saxons · Luxembourg
1210
-15
sultan99
5:33 Loom
9:25 Feudal Age
10:10 Double-Bit Axe
10:08 Horse Collar
19:11 Castle Age
18:24 Forging
18:41 Gold Mining
19:30 Scale Mail Armor
19:27 Man-at-Arms
19:53 Gambesons
27:18 Squires
27:43 Stone Mining
30:13 Gold Shaft Mining
30:08 Chain Mail Armor
35:09 Imperial Age
33:49 Iron Casting
35:37 Elite Varangian Guard
36:13 Elite Varangian Guard
36:24 Elite Hearth Troop
37:58 Conscription
fatelai1017
8:40 Feudal Age
8:21 Loom
9:08 Double-Bit Axe
10:39 Horse Collar
17:24 Castle Age
16:04 Gold Mining
18:41 Forging
18:47 Bow Saw
20:06 Bloodlines
23:57 Heavy Plow
24:45 Stone Mining
26:19 Scale Barding Armor
28:39 Wheelbarrow
29:04 Chain Barding Armor
34:45 Imperial Age
32:58 Stone Shaft Mining
33:03 Iron Casting
32:19 Vendel Legacy
33:52 Husbandry
34:22 Fletching
36:36 Blast Furnace
34:58 Cavalier
37:45 Plate Barding Armor
37:06 Bodkin Arrow
38:46 Chemistry
Connection lost

Rejoining the realm…

Still unreachable

The connection could not be restored.

Session expired

The server has moved on; the page needs a fresh start.